 Dungeon Crawl Stone Soup version 0.30-a0-422-g946f4849ff (webtiles) character file.

Game seed: 8448336551779251982

15912 Ahpoh the Carver (level 12, 0/75 HPs)
             Began as a Gargoyle Gladiator on Dec 8, 2022.
             Was an Elder of Okawaru.
             Slain by a 12-headed hydra (3 damage)
             ... on level 2 of the Lair of Beasts.
             The game lasted 00:53:46 (13997 turns).

Ahpoh the Carver (Gargoyle Gladiator)              Turns: 13997, Time: 00:53:48

Health: 0/75       AC: 28    Str: 19    XL:     12   Next: 32%
Magic:  11/16      EV:  8    Int:  9    God:    Okawaru [****..]
Gold:   405        SH: 12    Dex: 15    Spells: 11/11 levels left

rFire   . . .      SeeInvis +    D - +5 scimitar
rCold   + . .      Faith    .    E - +2 kite shield
rNeg    + . .      Spirit   .    d - +4 chain mail {rC+}
rPois   ∞          Reflect  .    L - +2 helmet {SInv}
rElec   +          Harm     .    I - +0 cloak of the Iron Devil {Slay+2}
rCorr   .          Rampage  .    (no gloves)
Will    .....                    (no boots)
Stlth   ..........               J - amulet of the acrobat
HPRegen 0.32/turn                (no ring)
MPRegen 0.15/turn                (no ring)

@: about to teleport, finesse-ful
A: sickness immunity, AC +8, negative energy resistance 1, electricity
resistance, torment resistance 1, petrification resistance, high MP 1
a: Renounce Religion, Heroism, Finesse


You were on level 2 of the Lair of Beasts.
You worshipped Okawaru.
Okawaru was greatly pleased with you.
You visited 3 branches of the dungeon, and saw 13 of its levels.

You collected 570 gold pieces.
You spent 165 gold pieces at shops.

Inventory:

Hand Weapons
 a - a +0 long sword
 w - a +0 giant spiked club
 D - a +5 scimitar (weapon)
Missiles
 C - 5 curare-tipped darts (quivered)
 P - 3 silver javelins
 Q - 10 javelins
Armour
 b - a +0 leather armour
 c - a +0 helmet
 d - a +4 chain mail of cold resistance (worn)
 e - +0 steam dragon scales
 f - a +0 scale mail
 y - a +2 cloak
 B - a +0 chain mail
 E - a +2 kite shield (worn)
 I - the +0 cloak of the Iron Devil (worn) {Slay+2}
   (You found it on level 9 of the Dungeon)

   Slay:      It affects your accuracy & damage with ranged weapons and melee
   (+2).
 L - a +2 helmet of see invisible (worn)
Jewellery
 l - a ring of flight
 G - a ring of fire
 J - an amulet of the acrobat (around neck)
 M - an amulet of guardian spirit
 O - a ring of resist corrosion
 S - a ring of positive energy
Wands
 t - a wand of flame (16)
 z - a wand of light (8)
 F - a wand of charming (6)
Scrolls
 g - 3 scrolls of amnesia
 h - 4 scrolls of fear
 i - 2 scrolls of acquirement {unknown}
 j - 2 scrolls of enchant weapon
 k - 6 scrolls of teleportation
 m - a scroll of blinking {unknown}
 p - 4 scrolls of magic mapping
 q - 2 scrolls of butterflies
 u - 3 scrolls of identify
 v - a scroll of vulnerability {unknown}
 A - a scroll of noise {unknown}
 N - 2 scrolls of silence {unknown}
Potions
 n - a potion of heal wounds
 o - 4 potions of curing
 r - 5 potions of brilliance
 s - 2 potions of degeneration
 x - 3 potions of flight
 H - a potion of attraction {unknown}
 R - a potion of might
Miscellaneous
 K - a condenser vane (inert)


   Skills:
 + Level 8.9 Fighting
 + Level 12.0 Long Blades
 + Level 2.5 Throwing
 + Level 9.2 Armour
 + Level 4.4 Dodging
 + Level 4.0 Stealth
 + Level 7.1 Shields
 + Level 4.2 Invocations
 + Level 1.2 Evocations


You had 11 spell levels left.
You didn't know any spells.
Your spell library contained the following spells:

 Spells                   Type           Power      Damage    Failure   Level
 Beastly Appendage        Tmut           0%         N/A       100%        1
 Ensorcelled Hibernation  Hex/Ice        0%         N/A       100%        2
 Wereblood                Tmut           0%         N/A       100%        2
 Gell's Gravitas          Tloc           0%         N/A       100%        3
 Spider Form              Tmut/Pois      0%         N/A       100%        3
 Teleport Other           Tloc           0%         N/A       100%        3
 Anguish                  Hex/Necr       0%         N/A       100%        4
 Dispersal                Tloc           0%         N/A       100%        6
 Sublimation of Blood     Necr           Unusable   N/A       N/A         2
 Animate Dead             Necr           Unusable   N/A       N/A         4
 Haunt                    Necr/Summ      Unusable   N/A       N/A         7
 Summon Hydra             Summ           Unusable   N/A       N/A         7
 Infestation              Necr           Unusable   N/A       N/A         8

Dungeon Overview and Level Annotations

Branches:
Dungeon (10/15)            Temple (1/1) D:4            Lair (2/5) D:9
  Snake (0/4) Lair:2
  Swamp: Lair:2-3    Shoals: Lair:2-3       Orc: D:9-12

Altars:
Ashenzari
Cheibriados
Dithmenos
Elyvilon
Fedhas
Gozag
Hepliaklqana
Kikubaaqudgha
Makhleb
Nemelex Xobeh
Okawaru
Qazlal
Ru
Sif Muna
Trog
Uskayaw
Vehumet
Wu Jian
Xom
Yredelemnul
Zin
The Shining One

Shops:
D:1 *   D:5 (   D:6 [

Annotations:
D:9 2 transporters, Iich's ghost, novice HOFi
Lair:2 Snarg's ghost, journeyman BaHs


Innate Abilities, Weirdness & Mutations

You are immune to sickness and miasma.
Your stone body is resilient. (AC +8)
You are immune to poison.
You resist negative energy. (rN+)
You are resistant to electric shocks. (rElec)
You are resistant to unholy torment.
You are immune to petrification.
You have an increased reservoir of magic. (+10% MP)


Message History

* * * LOW HITPOINT WARNING * * *
The 12-headed hydra bites you but does no damage.
You feel much better.
The 12-headed hydra bites you but does no damage.
The 12-headed hydra bites you.
The 12-headed hydra completely misses you.
The 12-headed hydra bites you!
* * * LOW HITPOINT WARNING * * *
The 12-headed hydra closely misses you. You block the 12-headed hydra's attack.
The 12-headed hydra bites you but does no damage.
You block the 12-headed hydra's attack.
The 12-headed hydra bites you but does no damage. x2
The 12-headed hydra bites you.
* * * LOW HITPOINT WARNING * * *
You block the 12-headed hydra's attack.
You feel much better.
Snarg's ghost is struck by lightning.
The 12-headed hydra bites you but does no damage. x2
The 12-headed hydra bites you!
* * * LOW HITPOINT WARNING * * *
You block the 12-headed hydra's attack. The 12-headed hydra barely misses you.
The 12-headed hydra bites you but does no damage.
The 12-headed hydra bites you!
* * * LOW HITPOINT WARNING * * *
The 12-headed hydra bites you.
* * * LOW HITPOINT WARNING * * *
The 12-headed hydra bites you.
* * * LOW HITPOINT WARNING * * *
The 12-headed hydra bites you but does no damage.
The 12-headed hydra barely misses you. The 12-headed hydra closely misses you.
You feel much better. You block the 12-headed hydra's attack.
The 12-headed hydra bites you!
* * * LOW HITPOINT WARNING * * *
The 12-headed hydra barely misses you. The 12-headed hydra bites you!
* * * LOW HITPOINT WARNING * * *
The 12-headed hydra bites you.
* * * LOW HITPOINT WARNING * * *
The 12-headed hydra bites you but does no damage.
The 12-headed hydra completely misses you.
You block the 12-headed hydra's attack. The 12-headed hydra bites you.
You die...

....#.####....##
#...### ###.##
#...# ##.#.#
#...## #P...#
#....# ##...#
.>...# #P..[#####
.PP#P# ##..)....#
PP#### #.......#
)## #..<##@## .#
#####.D.## ##
#.♣.##W..#
#♣..$.#..##
####♣.....§§..#
#.<#~!.)..§§D##
###..#♣?....'.##
###...###.....#.#
#.#..#.###~♣.##.#


You could see a 12-headed hydra, a nine-headed hydra (fleeing) and Snarg's
ghost.

Vanquished Creatures
  3 death yaks (D:9)
  2 two-headed ogres
  Nergalle (Lair:2)
  Amaemon (Lair:1)
  Sonja (Lair:2)
  Urug (Lair:2)
  An orange demon (Lair:1)
  A black mamba (Lair:2)
  A rime drake (Lair:1)
  4 cane toads
  3 komodo dragons
  A polar bear (Lair:2)
  2 vampires (D:9)
  A wyvern (Lair:2)
  19 yaks
  2 steam dragons
  A basilisk (Lair:1)
  4 water moccasins
  2 acid dragons (D:9)
  2 orc warriors (D:7)
  A black bear (D:6)
  3 ogres
  3 centaurs
  A phantom (D:6)
  A kobold brigand (D:7)
  9 bullfrogs
  2 necrophages
  2 gnoll sergeants
  2 scorpions
  12 wights
  8 howler monkeys
  A crimson imp (D:6)
  2 hounds
  Crazy Yiuf (D:4)
  4 orc priests
  2 jellies
  2 gnoll boudas
  2 iguanas
  2 orc wizards
  17 gnolls
  7 adders
  A shadow imp (D:7)
  2 ufetubi
  5 dart slugs
  26 orcs
  8 endoplasms
  3 giant cockroaches
  9 goblins
  8 hobgoblins
  2 jackals (D:3)
  4 quokkas
  9 ball pythons
  2 bats
  4 frilled lizards
  2 goblin skeletons (D:6)
  2 goblin zombies (D:6)
  3 hobgoblin zombies (D:6)
  6 kobolds
  An orc skeleton (D:6)
  2 orc zombies (D:6)
  6 rats
242 creatures vanquished.

Vanquished Creatures (others)
  An orc wizard (D:5)
  2 fungi (Lair:2)
  10 plants
13 creatures vanquished.

Grand Total: 255 creatures vanquished

Notes
Turn   | Place    | Note
-------+----------+-------------------------------------------
     0 | D:1      | Ahpoh the Gargoyle Gladiator began the quest for the Orb.
     0 | D:1      | Reached XP level 1. HP: 12/12 MP: 1/1
    83 | D:1      | Reached XP level 2. HP: 5/18 MP: 2/2
    84 | D:1      | Reached skill level 3 in Long Blades
   419 | D:1      | Found Agosiegi's Assorted Antiques.
   469 | D:1      | Reached XP level 3. HP: 22/22 MP: 3/3
   998 | D:2      | Reached skill level 1 in Armour
  1519 | D:3      | Reached XP level 4. HP: 27/27 MP: 4/4
  1533 | D:3      | Found a radiant altar of Vehumet.
  1533 | D:3      | Found a broken altar of Ashenzari.
  1535 | D:3      | Found a burning altar of Makhleb.
  1868 | D:3      | Noticed a necrophage
  1883 | D:3      | Killed a necrophage
  1884 | D:3      | Reached skill level 4 in Long Blades
  1884 | D:3      | Reached XP level 5. HP: 31/32 MP: 5/5
  2409 | D:4      | Found a staircase to the Ecumenical Temple.
  2420 | Temple   | Entered the Ecumenical Temple
  2479 | Temple   | Became a worshipper of Warmaster Okawaru
  2629 | D:4      | Found a runed translucent door.
  2632 | D:4      | Noticed Crazy Yiuf
  2634 | D:4      | Identified the +1 hammer of Denaxug {holy, rElec rPois
                  | Will+++ Dex-3}
  2920 | D:4      | Reached XP level 6. HP: 31/37 MP: 6/6
  3122 | D:4      | Killed Crazy Yiuf
  3226 | D:5      | Entered Level 5 of the Dungeon
  3263 | D:5      | Found Lonaops's Weapon Shoppe.
  3706 | D:4      | Reached skill level 1 in Stealth
  3851 | D:5      | Reached skill level 5 in Long Blades
  3851 | D:5      | Reached XP level 7. HP: 24/41 MP: 7/7
  4786 | D:5      | Reached * piety under Okawaru
  5500 | D:6      | Found Xaugef's Antique Armour Boutique.
  5501 | D:6      | Found a basalt altar of Yredelemnul.
  5517 | D:6      | Reached skill level 6 in Long Blades
  5525 | D:6      | Bought a shiny chain mail for 165 gold pieces
  5598 | D:5      | Reached XP level 8. HP: 40/48 MP: 8/8
  5937 | D:6      | Reached skill level 5 in Armour
  6445 | D:6      | Found a glowing golden altar of the Shining One.
  6764 | D:7      | Reached skill level 7 in Long Blades
  6795 | D:7      | Found a sparkling altar of Nemelex Xobeh.
  7042 | D:7      | Reached skill level 5 in Fighting
  7054 | D:7      | Reached ** piety under Okawaru
  7055 | D:7      | Reached XP level 9. HP: 40/54 MP: 9/9
  7990 | D:8      | Noticed a two-headed ogre
  8023 | D:8      | Reached skill level 8 in Long Blades
  8089 | D:8      | Killed a two-headed ogre
  8089 | D:8      | Reached *** piety under Okawaru
  8090 | D:8      | Reached skill level 1 in Shields
  8168 | D:8      | Reached skill level 9 in Long Blades
  8677 | D:7      | Reached skill level 1 in Invocations
  8677 | D:7      | Reached XP level 10. HP: 31/60 MP: 7/10
  9810 | D:9      | Noticed a death yak
  9817 | D:9      | Noticed a death yak
  9821 | D:8      | Reached **** piety under Okawaru
  9825 | D:9      | Noticed a death yak
  9847 | D:9      | Noticed a death yak
  9849 | D:9      | Noticed a death yak
 10273 | D:9      | Found a snail-covered altar of Cheibriados.
 10283 | D:9      | Identified the +0 cloak of the Iron Devil {Slay+2}
 10658 | D:9      | Noticed a two-headed ogre
 10665 | D:9      | Found a shimmering altar of Xom.
 11007 | D:9      | Killed a two-headed ogre
 11011 | D:9      | Killed a death yak
 11012 | D:9      | Reached skill level 10 in Long Blades
 11028 | D:9      | Killed a death yak
 11029 | D:9      | Reached XP level 11. HP: 67/67 MP: 10/12
 11039 | D:9      | Killed a death yak
 11040 | D:9      | Reached skill level 1 in Evocations
 11154 | D:9      | Found a staircase to the Lair.
 11188 | D:9      | Gained mutation: You have an increased reservoir of magic.
                  | (+10% MP) [potion of mutation]
 11237 | D:9      | Found a transporter.
 11239 | D:9      | Found a transporter.
 11240 | D:9      | Noticed Iich's ghost (novice HOFi)
 11527 | D:10     | Entered Level 10 of the Dungeon
 11563 | Lair:1   | Entered Level 1 of the Lair of Beasts
 11745 | Lair:1   | Noticed Amaemon
 11760 | Lair:1   | Killed Amaemon
 11761 | Lair:1   | Reached skill level 5 in Shields
 11822 | Lair:1   | Reached ***** piety under Okawaru
 11911 | Lair:1   | Identified the +2 mace of Tension {vamp, rC- Int+4 Dex+4}
 12012 | Lair:1   | Received a gift from Okawaru
 12108 | Lair:1   | Reached skill level 11 in Long Blades
 12439 | D:9      | Received a gift from Okawaru
 12805 | Lair:2   | Found a runed translucent gate.
 12805 | Lair:2   | Found a runed translucent gate.
 12805 | Lair:2   | Found a runed translucent gate.
 12805 | Lair:2   | Noticed a 12-headed hydra
 12805 | Lair:2   | Noticed a nine-headed hydra
 12805 | Lair:2   | Noticed Snarg's ghost (journeyman BaHs)
 12846 | Lair:2   | Noticed Nergalle
 13000 | Lair:2   | Killed Nergalle
 13000 | Lair:2   | Received a gift from Okawaru
 13065 | Lair:2   | Found a staircase to the Snake Pit.
 13145 | Lair:2   | Noticed Urug
 13158 | Lair:2   | Killed Urug
 13159 | Lair:2   | Reached XP level 12. HP: 75/75 MP: 16/16
 13191 | Lair:2   | Noticed Sonja
 13211 | Lair:2   | Killed Sonja
 13723 | Lair:2   | Reached skill level 12 in Long Blades
 13997 | Lair:2   | HP: 3/75 [12-headed hydra (3)]
 13997 | Lair:2   | Slain by a 12-headed hydra

Illustrated notes

Levels and vault maps discovered:
D:1:      ncdulo_watergridlock, layout_rooms, serial_shops,
          nicolae_shop_window_shopping
D:2:      layout_basic
D:3:      minmay_wonky_spiral, layout_basic,
          chequers_temple_overflow_statue_of_worship
D:4:      layout_cave_pools, minmay_temple_entry_antechambers,
          uniq_crazy_yiuf_cottage
D:5:      layout_cave_pools, serial_shops, nicolae_square_shop
D:6:      layout_gridville, nicolae_tso_besieged_by_evil,
          mainiacjoe_overflow_paths, serial_shops,
          nicolae_shop_overgrown_old_shop
D:7:      layout_basic, old_standard_altar, st_stairs_11
D:8:      layout_cave_pods, grunt_ministairs_10
D:9:      layout_basic, kennysheep_slug_shrine, xom_teletrap_fun,
          dpeg_lair_monsters, gammafunk_ghost_hive
D:10:     layout_roguey, hiddenorc2_lemuel, minmay_mirror_moons_of_madness,
          uniq_harold
Temple:   eino_temple_water
Lair:1:   layout_chaotic_city, uniq_amaemon
Lair:2:   layout_concentric_octagons, dummy_snake_entry,
          gammafunk_ghost_hydra_chop, dreamdust_mushroom_princess, uniq_sonja,
          uniq_nergalle, uniq_urug

Skill      XL: |  1  2  3  4  5  6  7  8  9 10 11 12 |
---------------+-------------------------------------+-----
Long Blades    | 3 4 5 6 7 9 10 11 12 | 12.0
Throwing       | 2 |  2.5
Armour         | 1 2 3 4 5 7 8 9 |  9.2
Fighting       | 3 4 5 6 7 8 |  8.9
Dodging        | 3 4 |  4.4
Stealth        | 1 2 3 4 |  4.0
Shields        | 2 4 6 7 |  7.1
Invocations    | 1 2 3 4 |  4.2
Evocations     | 1 |  1.2

Action                   |  1- 3 |  4- 6 |  7- 9 | 10-12 || total
-------------------------+-------+-------+-------+-------++-------
Melee: Long sword        |   118 |   179 |   289 |       ||   586
       Punch             |       |     1 |     6 |       ||     7
       Scimitar          |       |       |   111 |   408 ||   519
Throw: Throwing net      |       |     2 |     3 |       ||     5
       Javelin           |       |       |     2 |     3 ||     5
Invok: Heroism           |       |       |    11 |    21 ||    32
       Finesse           |       |       |       |     8 ||     8
Evoke: Wand              |       |       |       |     8 ||     8
       Condenser vane    |       |       |       |     2 ||     2
  Use: Scroll            |     1 |     5 |     1 |     6 ||    13
       Potion            |     1 |     6 |     7 |     6 ||    20
 Stab: Held in net/web   |       |     1 |     1 |       ||     2
       Invisible         |       |       |     3 |     2 ||     5
Armor: Leather armour    |     6 |       |       |       ||     6
       Scale mail        |    60 |   161 |    17 |       ||   238
       Chain mail        |       |       |   267 |   250 ||   517
       Skin              |       |       |     1 |       ||     1
Dodge: Dodged            |    67 |   151 |   150 |   157 ||   525
Block: Kite shield       |       |       |    68 |   273 ||   341

Table legend: (Time is in decaauts)
 A = Elapsed time spent in this place.
 B = Non-inter-level travel time spent in this place.
 C = Inter-level travel time spent in this place.
 D = Time resting spent in this place.
 E = Time spent auto-exploring this place.
 F = Levels seen in this place.
 G = Mean time per level.
                   A        B        C        D        E       F      G
               +--------+--------+--------+--------+--------+-----+--------+
         Total |  13983 |  13472 |    511 |   3892 |   6674 |  13 | 1075.6 |
       Dungeon |  11895 |  11413 |    482 |   3596 |   5296 |  10 | 1189.5 |
        Temple |     86 |     79 |      7 |      0 |     41 |   1 |   86.0 |
          Lair |   2001 |   1979 |     22 |    296 |   1337 |   2 | 1000.5 |
               +--------+--------+--------+--------+--------+-----+--------+

Top non-repeatable levels by time:
     D:4: 1944 daAuts
     D:7: 1839 daAuts
     D:9: 1751 daAuts
     D:8: 1638 daAuts
     D:5: 1375 daAuts
  Lair:1: 1151 daAuts
     D:6: 1087 daAuts
  Lair:2: 850 daAuts
     D:2: 805 daAuts
     D:3: 742 daAuts
     D:1: 708 daAuts
  Temple: 86 daAuts
    D:10: 1 daAuts
